Description

Nexus Recall Cheese

Build Order

Get SALT Encoding   

  12  0:00  Probe  
  13  0:08  Probe  Send Probe to other side
  14  0:18  Probe  
  14  0:23  Probe  
  15  0:30  Pylon  
  15  0:47  Probe, Gateway  
  16  0:51  Pylon  Complete wall off on one base
  16  0:59  Probe  
  17  1:24  Nexus  
  17  1:35  Zealot (Chrono Boost)  
  19  1:56  Zealot (Chrono Boost)  
  21  2:00  Probe  
  22  2:27  Zealot (Chrono Boost)  
  24  3:00  Pylon x3  Wall Opponent in their main if applicable
Spawning Tool Build Advisor. Get it on Overwolf

Go to:

Details

  • Created by: DiamondZac3
  • Published on: Apr 29, 2018
  • Modified on: Apr 29, 2018
  • Patch: 4.0.0
Show
View Real Time Build Order
Export as new Build Order

Comments (0)

There are no comments. Be the first!

Create an account to comment!